 Dungeon Crawl Stone Soup version 0.21-a0-525-ga34b322 (webtiles) character file.

38 Amnesiac the Vexing (level 3, -5/26 HPs)
             Began as a Mummy Arcane Marksman on Dec 7, 2017.
             Slain by a big kobold (6 damage)
             ... on level 4 of the Dungeon.
             The game lasted 00:02:14 (1332 turns).

Amnesiac the Vexing (Mummy Arcane Marksman)         Turns: 1332, Time: 00:02:14

Health: -5/26      AC:  4    Str: 14    XL:     3   Next: 25%
Magic:  6/6        EV: 11    Int: 12    God:
Gold:   178        SH:  0    Dex: 12    Spells: 5/6 levels left

rFire    x . .     SeeInvis .   b - +0 long sword
rCold    + . .     Gourm    .   (no shield)
rNeg     + + +     Faith    .   j - +0 leather armour
rPois    ∞         Spirit   .   (no helmet)
rElec    .         Reflect  .   h - +0 cloak
rCorr    .         Harm     .   (no gloves)
MR       .....                  (no boots)
Stlth    +.........             (no amulet)
HPRegen  0.08/turn              (no ring)
MPRegen  0.10/turn              (no ring)

@: no status effects
A: no food or potions, fire vulnerability, cold resistance 1, negative energy
resistance 3, torment resistance, unbreathing
a: no special abilities


You were on level 4 of the Dungeon.
You were not hungry.

You visited 1 branch of the dungeon, and saw 3 of its levels.

You collected 178 gold pieces.

Inventory:

Hand Weapons
 a - a +0 shortbow
 b - a +0 long sword (weapon)
Missiles
 d - 20 arrows
 f - 26 poisoned needles
 m - 9 bolts
 n - a throwing net (quivered)
Armour
 h - a +0 cloak (worn)
 j - a +0 leather armour (worn)
Scrolls
 e - 2 scrolls of teleportation {!r, unknown}
 g - 4 scrolls of identify {!r, unknown}
 i - a scroll of immolation {!r, unknown}
 k - a scroll of magic mapping {!r, unknown}
 l - a scroll of remove curse {!r, unknown}
Books
 c - a book of Debilitation

   Spells                             Type                      Level
   a - Corona                         Hexes                        1
   b - Slow                           Hexes                        2
   c - Inner Flame                    Hexes/Fire                   3
   d - Portal Projectile              Hexes/Translocation          3
   e - Cause Fear                     Hexes                        4
   f - Leda's Liquefaction            Hexes/Earth                  4


   Skills:
 + Level 1.6 Fighting
 + Level 2.0 Bows
 + Level 0.8 Armour
 - Level 1.5 Dodging
 + Level 2.1 Spellcasting
 - Level 3.0 Hexes


You had 5 spell levels left.
You knew the following spells:

 Your Spells              Type           Power        Failure   Level  Hunger
a - Corona                Hex            #......      10%         1    N/A

Dungeon Overview and Level Annotations

Branches:
Dungeon (2/15)

Altars:


Innate Abilities, Weirdness & Mutations

You do not eat or drink.
Your flesh is vulnerable to fire.
You are immune to poison.
Your flesh is cold resistant. (rC+)
You are immune to negative energy. (rN+++)
You are immune to unholy pain and torment.
You can survive without breathing.


Message History

You fall through a shaft for 2 floors!
The shaft crumbles and collapses.
You hear the hiss of flowing sand.
There is an entrance to an ossuary on this level.
Hurry and find it before the portal is buried!
An orc comes into view. It is wielding a falchion.
The orc shouts!
You hit the orc.
The orc is lightly wounded.
The orc barely misses you.
You hit the orc.
The orc is moderately wounded.
The orc hits you with a falchion.
You hit the orc.
The orc is almost dead.
The orc completely misses you.
You closely miss the orc.
The orc is almost dead.
The orc hits you but does no damage. The orc closely misses you.
You riposte.
You closely miss the orc.
The orc is almost dead.
You completely miss the orc.
The orc is almost dead.
The orc hits you but does no damage.
You closely miss the orc.
The orc is almost dead.
The orc hits you with a falchion.
You slash the orc!
You kill the orc!
No target in view!
Found a scroll labeled KAERPH OSADDAMM.
Things that are here:
a falchion; an orc corpse
g - 4 scrolls labeled KAERPH OSADDAMM {!r} (gained 1) HP restored.
A big kobold comes into view.
The big kobold shouts!
A big kobold is nearby!
You barely miss the big kobold.
The big kobold hits you but does no damage.
You slash the big kobold!
The big kobold is moderately wounded.
The big kobold misses you.
The big kobold hits you but does no damage.
You slash the big kobold!
The big kobold is heavily wounded.
The big kobold hits you!
You slash the big kobold!
The big kobold is almost dead.
The big kobold hits you. x2
* * * LOW HITPOINT WARNING * * *
You closely miss the big kobold.
The big kobold is almost dead.
You hear the slow hiss of a distant avalanche of sand.
The big kobold barely misses you.
You miss the big kobold.
The big kobold is almost dead.
The big kobold hits you!
* * * LOW HITPOINT WARNING * * *
You hit the big kobold but do no damage.
The big kobold is almost dead.
The big kobold hits you.
* * * LOW HITPOINT WARNING * * *
The big kobold hits you.
You die...

##.. .#.# #...### ......#
....... .K..... # ##.......
.# ###########........
.########......@K..........
#.............#####........
#..##..###....# #........
#.............## ####.####
#...8..........# .#
#...)..........# .
##.8.8.8.......## .#
#..............#
#.............##


You could see a big kobold.

Vanquished Creatures
  An ooze (D:1)
  A worm (D:2)
  A dart slug (D:1)
  2 leopard geckos
  An orc (D:4)
  2 giant cockroaches (D:1)
  2 goblins
  2 hobgoblins (D:1)
  3 jackals (D:1)
  4 bats
  A frilled lizard (D:2)
  2 kobolds (D:1)
  3 rats (D:1)
25 creatures vanquished.

Notes
Turn   | Place    | Note
-------+----------+-------------------------------------------
     0 | D:1      | Amnesiac the Mummy Arcane Marksman began the quest for the Orb.
     0 | D:1      | Reached XP level 1. HP: 15/15 MP: 2/2
   120 | D:1      | Reached XP level 2. HP: 5/21 MP: 4/4
  1008 | D:2      | Reached XP level 3. HP: 13/26 MP: 6/6
  1218 | D:2      | Reached skill level 3 in Hexes
  1285 | D:2      | You fall through a shaft for 2 floors!
  1318 | D:4      | Noticed a big kobold
  1332 | D:4      | HP: 1/26 [big kobold (5)]
  1332 | D:4      | Slain by a big kobold

Vault maps used:
D:1:      lightli_arrival_lavapool, minmay_fountain_box
D:2:      uniq_sigmund
D:4:      first_bread, serial_column_ruins, column_ruins_grid_3,
          column_ruins_columns_dead_end, column_ruins_grid_1,
          column_ruins_grid_2, column_ruins_grid_3,
          column_ruins_corridor_corner, column_ruins_open_tiny, enter_ossuary_1

Skill      XL: |  1  2  3 |
---------------+----------+-----
Spellcasting   | 2 |  2.1
Bows           | 2 |  2.0
Hexes          | 3 |  3.0
Fighting       | |  1.6
Armour         | |  0.8
Dodging        | |  1.5

Action                   || total
-------------------------++-------
Melee: Hand axe          ||   100
       Unarmed           ||     7
       Long sword        ||    18
 Fire: Shortbow          ||     2
 Stab: Sleeping          ||     1
Armor: Robe              ||    30
       Leather armour    ||    15
Dodge: Dodged            ||    98
       Rpst.: Long sword ||     2

Table legend:
 A = Spawn XP
 B = Non-spawn XP
 C = Spawn XP percentage of total XP
 D = Spawn monster count
 E = Non-spawn monster count
 F = Spawn count percentage of total count
 G = Total turns spent on level
                    A         B        C        D         E        F      G
               +---------+---------+-------+---------+---------+-------+---------
         Total |       0 |      55 |   0.0 |       0 |      25 |   0.0 |  1332
               +---------+---------+-------+---------+---------+-------+---------
           D:1 |       0 |      38 |   0.0 |       0 |      18 |   0.0 |   906
           D:2 |       0 |      14 |   0.0 |       0 |       6 |   0.0 |   379
           D:4 |       0 |       3 |   0.0 |       0 |       1 |   0.0 |    47
               +---------+---------+-------+---------+---------+-------+---------
